MLB
MIAMI MARLINS @ ATLANTA BRAVES
08/21/2019
 
TOP OF THE 1ST
Miami Marlins batting - Pitching for Atlanta Braves : RHP Miles Mikolas
Pitching: RHP Miles Mikolas
Batting: LHB Kyle Tucker 0-0: Ball
1-0: Swinging Strike
1-1: Ball
2-1: Ball
3-1: Called Strike
3-2: Foul Ball, location: 2F
3-2: SINGLE (Groundball, 34, EV 101.9 MPH)
Batting: LHB David Dahl 0-0: Called Strike
Kyle Tucker steals 2nd, throwing error, E2
Kyle Tucker to third
0-1: Ball
1-1: Fly out, F7 (Flyball, 7, EV 88.8 MPH)
Runner from 3rd tags up, OUT at HOME! 7-2
Batting: SHB Francisco Lindor 0-0: Called Strike
0-1: Called Strike
0-2: Ball
1-2: Ball
2-2: Strikes out swinging
Top of the 1st over - 0 runs, 1 hit, 1 error, 0 left on base; Miami 0 - Atlanta 0
BOTTOM OF THE 1ST
Atlanta Braves batting - Pitching for Miami Marlins : RHP Johnny Cueto
Pitching: RHP Johnny Cueto
Batting: LHB Mallex Smith 0-0: Ground out U3 (Groundball, 3, EV 88.1 MPH)
Batting: RHB Adeiny Hechavarria 0-0: Called Strike
0-1: Ground out 1-3 (Groundball, P, EV 87.5 MPH)
Batting: LHB Ben Gamel 0-0: Called Strike
0-1: Ball
1-1: Foul Ball, location: 2F
1-2: Ball
2-2: Foul Ball, location: 2F
2-2: Foul Ball, location: 2F
2-2: Foul Ball, location: 2F
2-2: Strikes out swinging
Bottom of the 1st over - 0 runs, 0 hits, 0 errors, 0 left on base; Miami 0 - Atlanta 0
TOP OF THE 2ND
Miami Marlins batting - Pitching for Atlanta Braves : RHP Miles Mikolas
Batting: RHB Javier Baez 0-0: Called Strike
0-1: Ball
1-1: Foul Ball, location: 2F
1-2: Ground out 1-3 (Groundball, 15, EV 87.5 MPH)
Batting: RHB Miguel Andujar 0-0: Ball
1-0: Called Strike
1-1: Ball
2-1: Foul Ball, location: 2F
2-2: Ball
3-2: Foul Ball, location: 2F
3-2: Ground out 6-3 (Groundball, 56, EV 83.8 MPH)
Batting: LHB Max Kepler 0-0: Ball
1-0: Ball
2-0: Fly out, F8 (Flyball, 78D, EV 103.8 MPH)
Top of the 2nd over - 0 runs, 0 hits, 0 errors, 0 left on base; Miami 0 - Atlanta 0
BOTTOM OF THE 2ND
Atlanta Braves batting - Pitching for Miami Marlins : RHP Johnny Cueto
Batting: LHB Kole Calhoun 0-0: Ball
1-0: Called Strike
1-1: Called Strike
1-2: Ball
2-2: Ball
3-2: Base on Balls
Batting: RHB John Ryan Murphy 0-0: Swinging Strike
0-1: Foul Ball, location: 2F
0-2: Strikes out swinging
Batting: LHB Lucas Duda 0-0: Grounds into double play, 3-6-3 (Groundball, 3, EV 91.9 MPH)
Bottom of the 2nd over - 0 runs, 0 hits, 0 errors, 0 left on base; Miami 0 - Atlanta 0
TOP OF THE 3RD
Miami Marlins batting - Pitching for Atlanta Braves : RHP Miles Mikolas
Batting: RHB C.J. Cron 0-0: Called Strike
0-1: Foul Ball, location: 2F
0-2: Ball
1-2: Ground out 5-3 (Groundball, 5, EV 100.6 MPH)
Batting: LHB Chance Sisco 0-0: Ball
1-0: Ground out 6-3 (Groundball, 6, EV 85.0 MPH)
Batting: RHB Johnny Cueto 0-0: Called Strike
0-1: Foul Ball, location: 2F
0-2: Foul Ball, location: 2F
0-2: Ball
1-2: SINGLE (Flyball, 9LS, EV 88.1 MPH)
Batting: LHB Kyle Tucker 0-0: Fly out, F9 (Flyball, 9S, EV 91.3 MPH)
Top of the 3rd over - 0 runs, 1 hit, 0 errors, 1 left on base; Miami 0 - Atlanta 0
BOTTOM OF THE 3RD
Atlanta Braves batting - Pitching for Miami Marlins : RHP Johnny Cueto
Batting: SHB Juniel Querecuto 0-0: SINGLE (Line Drive, 56D, EV 98.1 MPH)
Batting: RHB Pat Valaika 0-0: Ball
1-0: Swinging Strike
1-1: Ball
2-1: Foul Ball, location: 2F
2-2: Grounds into double play, 5-4-3 (Groundball, 56, EV 103.8 MPH)
Batting: RHB Miles Mikolas 0-0: Ground out 4-3 (Groundball, 4, EV 89.4 MPH)
Bottom of the 3rd over - 0 runs, 1 hit, 0 errors, 0 left on base; Miami 0 - Atlanta 0
TOP OF THE 4TH
Miami Marlins batting - Pitching for Atlanta Braves : RHP Miles Mikolas
Batting: LHB David Dahl 0-0: Foul Ball, location: 2F
0-1: Ball
1-1: Ground out 6-3 (Groundball, 6MD, EV 101.9 MPH)
Batting: SHB Francisco Lindor 0-0: Ball
1-0: Ball
2-0: Called Strike
2-1: Called Strike
2-2: Ball
3-2: DOUBLE (Line Drive, 7LS, EV 104.4 MPH)
Batting: RHB Javier Baez 0-0: Called Strike
0-1: Called Strike
0-2: Ball
1-2: Ground out 5-3 (Groundball, 5, EV 84.4 MPH)
Batting: RHB Miguel Andujar 0-0: Ball
1-0: Ball
2-0: Ball
3-0: Called Strike
3-1: Fly out, F2 (Popup, 3SF, EV 81.9 MPH)
Top of the 4th over - 0 runs, 1 hit, 0 errors, 1 left on base; Miami 0 - Atlanta 0
BOTTOM OF THE 4TH
Atlanta Braves batting - Pitching for Miami Marlins : RHP Johnny Cueto
Batting: LHB Mallex Smith 0-0: Ball
1-0: Called Strike
1-1: Ball
2-1: Called Strike
2-2: Foul Ball, location: 2F
2-2: Ball
3-2: Base on Balls
Batting: RHB Adeiny Hechavarria 0-0: Ball
1-0: Fielders Choice at 2nd, 4-6 (Groundball, 34, EV 103.1 MPH)
Batting: LHB Ben Gamel 0-0: Ball
1-0: Foul Ball, location: 2F
1-1: Ball
2-1: DOUBLE (Line Drive, 78XD, EV 105.6 MPH)
Adeiny Hechavarria to third
Batting: LHB Kole Calhoun 0-0: Fly out, F6 (Popup, 6MD, EV 55.6 MPH)
Batting: RHB John Ryan Murphy 0-0: Called Strike
0-1: Ball
1-1: Foul Ball, location: 2F
1-2: Foul Ball, location: 2F
1-2: DOUBLE (Line Drive, 89D, EV 106.3 MPH)
Adeiny Hechavarria scores
Ben Gamel scores
Batting: LHB Lucas Duda 0-0: Called Strike
0-1: Fly out, F9 (Flyball, 9LS, EV 96.3 MPH)
Bottom of the 4th over - 2 runs, 2 hits, 0 errors, 1 left on base; Miami 0 - Atlanta 2
TOP OF THE 5TH
Miami Marlins batting - Pitching for Atlanta Braves : RHP Miles Mikolas
Batting: LHB Max Kepler 0-0: SOLO HOME RUN (Flyball, 7D, EV 110.0 MPH), Distance : 374 ft
Batting: RHB C.J. Cron 0-0: Called Strike
0-1: Ball
1-1: Foul Ball, location: 2F
1-2: Strikes out looking
Batting: LHB Chance Sisco 0-0: Called Strike
0-1: Foul Ball, location: 2F
0-2: Strikes out swinging, 2-3 out at first.
Batting: RHB Johnny Cueto 0-0: Ball
1-0: Swinging Strike
1-1: Ball
2-1: SINGLE (Flyball, 8RS, EV 90.6 MPH)
Batting: LHB Kyle Tucker 0-0: Fielders Choice at 2nd, 6-4 (Groundball, 4M, EV 88.8 MPH)
Top of the 5th over - 1 run, 2 hits, 0 errors, 1 left on base; Miami 1 - Atlanta 2
BOTTOM OF THE 5TH
Atlanta Braves batting - Pitching for Miami Marlins : RHP Johnny Cueto
Batting: SHB Juniel Querecuto 0-0: SOLO HOME RUN (Flyball, 7D, EV 106.3 MPH), Distance : 382 ft
Batting: RHB Pat Valaika 0-0: Ball
1-0: Ball
2-0: Called Strike
2-1: Ball
3-1: Ground out 6-3 (Groundball, 6, EV 76.3 MPH)
Batting: RHB Miles Mikolas 0-0: Ball
1-0: Ball
2-0: Ball
3-0: Called Strike
3-1: Swinging Strike
3-2: Foul Ball, location: 2F
3-2: Ground out 4-3 (Groundball, 4, EV 96.3 MPH)
Batting: LHB Mallex Smith 0-0: SINGLE (Line Drive, 78M, EV 98.8 MPH)
Batting: RHB Adeiny Hechavarria 0-0: Ball
1-0: Ball
2-0: Ball
3-0: Fly out, F2 (Popup, 5SF, EV 71.9 MPH)
Bottom of the 5th over - 1 run, 2 hits, 0 errors, 1 left on base; Miami 1 - Atlanta 3
TOP OF THE 6TH
Miami Marlins batting - Pitching for Atlanta Braves : RHP Miles Mikolas
Batting: LHB David Dahl 0-0: Ball
1-0: Ball
2-0: Called Strike
2-1: Called Strike
2-2: Strikes out swinging, 2-3 out at first.
Batting: SHB Francisco Lindor 0-0: Called Strike
0-1: Swinging Strike
0-2: Ground out 5-3 (Groundball, 56, EV 100.6 MPH)
Batting: RHB Javier Baez 0-0: Called Strike
0-1: DOUBLE (Line Drive, 9LM, EV 102.5 MPH)
Batting: RHB Miguel Andujar 0-0: Swinging Strike
0-1: Ball
1-1: Ball
2-1: SINGLE (Flyball, 8LS, EV 90.0 MPH)
Javier Baez to third
Runner from 3rd tries for Home, SAFE, no throw by CF
Batting: LHB Max Kepler 0-0: Ball
1-0: Called Strike
1-1: Ball
2-1: Swinging Strike
2-2: Strikes out swinging
Top of the 6th over - 1 run, 2 hits, 0 errors, 1 left on base; Miami 2 - Atlanta 3
BOTTOM OF THE 6TH
Atlanta Braves batting - Pitching for Miami Marlins : RHP Johnny Cueto
Batting: LHB Ben Gamel 0-0: Fly out, F8 (Flyball, 89D, EV 75.0 MPH)
Batting: LHB Kole Calhoun 0-0: Foul Ball, location: 2F
0-1: Called Strike
0-2: Fly out, F8 (Line Drive, 8LD, EV 88.1 MPH)
Batting: RHB John Ryan Murphy 0-0: Swinging Strike
0-1: Ball
1-1: SOLO HOME RUN (Flyball, 7LD, EV 96.3 MPH), Distance : 340 ft
Batting: LHB Lucas Duda 0-0: Ball
1-0: Foul Ball, location: 2F
1-1: Fly out, F8 (Flyball, 89M, EV 83.8 MPH)
Bottom of the 6th over - 1 run, 1 hit, 0 errors, 0 left on base; Miami 2 - Atlanta 4
TOP OF THE 7TH
Miami Marlins batting - Pitching for Atlanta Braves : RHP Miles Mikolas
Pitching: LHP Travis Bergen
Batting: RHB C.J. Cron 0-0: Ball
1-0: Called Strike
1-1: Foul Ball, location: 2F
1-2: Ball
2-2: Strikes out swinging
Batting: LHB Chance Sisco 0-0: Ball
1-0: Swinging Strike
1-1: Foul Ball, location: 2F
1-2: Ball
2-2: Strikes out swinging
Pitching: RHP Paul Blackburn
Pinch Hitting: RHB Cheslor Cuthbert 0-0: Ball
1-0: Fly out, F4 (Flyball, 3D, EV 86.9 MPH)
Top of the 7th over - 0 runs, 0 hits, 0 errors, 0 left on base; Miami 2 - Atlanta 4
BOTTOM OF THE 7TH
Atlanta Braves batting - Pitching for Miami Marlins : RHP Johnny Cueto
Pitching: RHP Craig Stammen
Batting: SHB Juniel Querecuto 0-0: Called Strike
0-1: Foul Ball, location: 2F
0-2: SINGLE (Groundball, 56D, EV 96.9 MPH)
Batting: RHB Pat Valaika 0-0: Ball
1-0: Grounds into double play, 6-4-3 (Groundball, 6S, EV 87.5 MPH)
Pinch Hitting: SHB Robbie Grossman 0-0: Ball
1-0: Swinging Strike
1-1: Ball
2-1: Ball
3-1: Base on Balls
Batting: LHB Mallex Smith 0-0: Ball
1-0: Called Strike
1-1: SINGLE (Groundball, 56D, EV 101.3 MPH)
Robbie Grossman to second
Batting: RHB Adeiny Hechavarria 0-0: Called Strike
0-1: SINGLE (Groundball, 4MD, EV 98.1 MPH)
Robbie Grossman to third
Mallex Smith to second
Runner from 3rd tries for Home, SAFE, throw by CF to home
Batting: LHB Ben Gamel 0-0: Foul Ball, location: 2F
0-1: Called Strike
0-2: Ball
1-2: SINGLE (Groundball, 4MD, EV 105.6 MPH)
Mallex Smith to third
Adeiny Hechavarria to second
Runner from 3rd tries for Home, SAFE, throw by CF to home
Batting: LHB Kole Calhoun 0-0: Ball
1-0: Ball
Wild Pitch!
Adeiny Hechavarria to third
Ben Gamel to second
2-0: Called Strike
2-1: Called Strike
2-2: Strikes out swinging
Bottom of the 7th over - 2 runs, 4 hits, 0 errors, 2 left on base; Miami 2 - Atlanta 6
TOP OF THE 8TH
Miami Marlins batting - Pitching for Atlanta Braves : RHP Paul Blackburn
Pitching: RHP Chad Sobotka
Batting: LHB Kyle Tucker 0-0: Ball
1-0: Called Strike
1-1: Ball
2-1: Ball
3-1: Base on Balls
Batting: LHB David Dahl 0-0: Foul Ball, location: 2F
0-1: Ball
1-1: Swinging Strike
1-2: Strikes out swinging
Batting: SHB Francisco Lindor 0-0: Swinging Strike
0-1: Ball
1-1: Foul Ball, location: 2F
1-2: Ball
2-2: Foul Ball, location: 2F
2-2: Foul Ball, location: 2F
2-2: Ball
3-2: Base on Balls
Kyle Tucker to second
Pitching: RHP Ivan Nova
Batting: RHB Javier Baez 0-0: Foul Ball, location: 2F
0-1: Ball
1-1: Foul Ball, location: 2F
1-2: Ball
2-2: Fly out, F9 (Flyball, 9, EV 88.1 MPH)
Batting: RHB Miguel Andujar 0-0: Ball
1-0: Fly out, F8 (Flyball, 8RXD, EV 95.0 MPH)
Top of the 8th over - 0 runs, 0 hits, 0 errors, 2 left on base; Miami 2 - Atlanta 6
BOTTOM OF THE 8TH
Atlanta Braves batting - Pitching for Miami Marlins : RHP Craig Stammen
Pitching: RHP John Axford
Batting: RHB John Ryan Murphy 0-0: Called Strike
0-1: Ball
1-1: SOLO HOME RUN (Line Drive, 7D, EV 98.1 MPH), Distance : 378 ft
Batting: LHB Lucas Duda 0-0: Ball
1-0: Foul Ball, location: 2F
1-1: Called Strike
1-2: Strikes out swinging
Batting: SHB Juniel Querecuto 0-0: Ball
1-0: Called Strike
1-1: Called Strike
1-2: Strikes out swinging
Batting: RHB Pat Valaika 0-0: Ground out 4-3 (Groundball, 4, EV 79.4 MPH)
Bottom of the 8th over - 1 run, 1 hit, 0 errors, 0 left on base; Miami 2 - Atlanta 7
TOP OF THE 9TH
Miami Marlins batting - Pitching for Atlanta Braves : RHP Ivan Nova
Batting: LHB Max Kepler 0-0: Ball
1-0: Called Strike
1-1: Called Strike
1-2: Ground out U3 (Groundball, 3, EV 85.0 MPH)
Batting: RHB C.J. Cron 0-0: Ball
1-0: Foul Ball, location: 2F
1-1: Ball
2-1: Called Strike
2-2: Strikes out swinging, 2-3 out at first.
Batting: LHB Chance Sisco 0-0: Ball
1-0: Ball
2-0: Foul Ball, location: 2F
2-1: DOUBLE (Line Drive, 78D, EV 105.6 MPH)
Pinch Hitting: LHB Alex Gordon 0-0: Ball
1-0: Called Strike
1-1: Foul Ball, location: 2F
1-2: Ball
2-2: Foul Ball, location: 2F
2-2: Fly out, F8 (Flyball, 8LD, EV 81.3 MPH)
Top of the 9th over - 0 runs, 1 hit, 0 errors, 1 left on base; Miami 2 - Atlanta 7
Monday, November 25th, 2019 - OOTP Baseball 20.8 Build 73